 Dungeon Crawl Stone Soup version 0.29-a0-375-g5102b3be25 (webtiles) character file.

Game seed: 14333873726682154361

92 Antichthon the Covered (level 4, -4/29 HPs)
             Began as a Gargoyle Fighter on May 4, 2022.
             Slain by an iguana (5 damage)
             ... on level 4 of the Dungeon.
             The game lasted 00:01:43 (1365 turns).

Antichthon the Covered (Gargoyle Fighter)           Turns: 1365, Time: 00:01:44

Health: -4/29      AC: 10    Str: 20    XL:     4   Next: 60%
Magic:  5/5        EV:  9    Int: 10    God:
Gold:   58         SH:  4    Dex:  9    Spells: 3/3 levels left

rFire   . . .      SeeInvis .   a - +0 flail
rCold   . . .      Faith    .   c - +0 buckler
rNeg    + . .      Spirit   .   b - +0 scale mail
rPois   ∞          Reflect  .   (no helmet)
rElec   +          Harm     .   (no cloak)
rCorr   .          Rampage  .   (no gloves)
Will    .....                   (no boots)
Stlth   ..........              (no amulet)
HPRegen 0.09/turn               (no ring)
MPRegen 0.09/turn               (no ring)

@: no status effects
A: sickness immunity, AC +3, negative energy resistance 1, electricity
resistance, torment resistance 1, petrification resistance
a: no special abilities


You were on level 4 of the Dungeon.
You visited 1 branch of the dungeon, and saw 3 of its levels.

You collected 58 gold pieces.

Inventory:

Hand Weapons
 a - a +0 flail (weapon)
Armour
 b - a +0 scale mail (worn)
 c - a +0 buckler (worn)
Scrolls
 h - a scroll of identify
Potions
 d - a potion of might
 e - a potion of heal wounds
 f - a potion of lignification {unknown}
 g - a potion of attraction {unknown}


   Skills:
 * Level 3.8 Fighting
 * Level 2.9 Maces & Flails
 * Level 3.8 Armour
 * Level 0.5 Dodging
 * Level 3.7 Shields
 * Level 1.5 Invocations


You had 3 spell levels left.
You didn't know any spells.
Your spell library was empty.

Dungeon Overview and Level Annotations

Branches:
Dungeon (2/15)

Altars:


Innate Abilities, Weirdness & Mutations

You are immune to sickness and miasma.
Your stone body is resilient. (AC +3)
You are immune to poison.
You resist negative energy. (rN+)
You are resistant to electric shocks. (rElec)
You are resistant to unholy torment.
You are immune to petrification.


Message History

The iguana moves out of view.
An orc comes into view. It is wielding a +0 club.
An orc is nearby!
The orc hits you but does no damage.
You hit the orc.
The orc is almost dead.
The orc hits you with a +0 club. x2
You closely miss the orc.
The orc is almost dead.
The orc hits you but does no damage.
You thump the orc!
You kill the orc!
Things that are here:
a +0 club; a scroll of noise You closely miss the iguana.
The iguana bites you!
You closely miss the iguana. The iguana bites you.
The iguana barely misses you.
You barely miss the iguana. You block the iguana's attack.
You hit the iguana.
The iguana is lightly wounded.
You block the iguana's attack.
You thump the iguana!
The iguana is severely wounded.
The iguana bites you.
* * * LOW HITPOINT WARNING * * *
You hit the iguana but do no damage.
The iguana is severely wounded.
The iguana bites you.
* * * LOW HITPOINT WARNING * * *
The iguana bites you.
* * * LOW HITPOINT WARNING * * *
Unknown command.
You hit the iguana but do no damage.
The iguana is heavily wounded.
The iguana bites you but does no damage.
Unknown command.
You hit the iguana.
The iguana is severely wounded.
The iguana bites you.
You die...

##...###...#
# #.....#.##
#. #..†# #..
#####.†.#
#...#...#...#
.#
#.....#.###.#
##...###...##
#.###)#.....#
#..
#..@#...#..
#.. #..l#####
. #.. #...#
.#. ##.#.
.### .###. ..
# .. ##.


You could see an iguana.

Vanquished Creatures
  A howler monkey (D:4)
  An adder (D:4)
  A worm (D:2)
  A dart slug (D:1)
  An orc (D:4)
  5 endoplasms
  2 giant cockroaches
  5 goblins (D:1)
  A hobgoblin (D:1)
  4 jackals (D:1)
  3 kobolds
  A quokka (D:1)
  3 ball pythons (D:1)
  2 bats (D:1)
  2 frilled lizards (D:1)
  3 rats (D:1)
36 creatures vanquished.

Notes
Turn   | Place    | Note
-------+----------+-------------------------------------------
     0 | D:1      | Antichthon the Gargoyle Fighter began the quest for the
                  | Orb.
     0 | D:1      | Reached XP level 1. HP: 14/14 MP: 1/1
   177 | D:1      | Reached XP level 2. HP: 19/19 MP: 2/2
   625 | D:1      | Reached skill level 1 in Invocations
   705 | D:1      | Reached XP level 3. HP: 23/23 MP: 3/3
  1327 | D:2      | You fall into a shaft and drop 2 floors!
  1337 | D:4      | Reached XP level 4. HP: 29/29 MP: 3/5
  1363 | D:4      | HP: 1/29 [iguana (5)]
  1365 | D:4      | Slain by an iguana

Illustrated notes

Levels and vault maps discovered:
D:1:      heliophobic_arrival_battle_scene, layout_loops_cross
D:2:      layout_basic, chequers_serial_rivers_marsh, uniq_natasha
D:4:      nicolae_cairo_tiling, layout_loops_ring

Skill      XL: |  1  2 |
---------------+-------+-----
Invocations    | 1 |  1.5
Fighting       | |  3.8
Maces & Flails | |  2.9
Armour         | |  3.8
Dodging        | |  0.5
Shields        | |  3.7

Action                   |  1- 3 |  4- 6 || total
-------------------------+-------+-------++-------
Melee: Flail             |   111 |    17 ||   128
  Use: Scroll            |     3 |       ||     3
Armor: Scale mail        |    71 |     4 ||    75
Dodge: Dodged            |    68 |     5 ||    73
Block: Buckler           |    19 |     5 ||    24

Table legend: (Time is in decaauts)
 A = Elapsed time spent in this place.
 B = Non-inter-level travel time spent in this place.
 C = Inter-level travel time spent in this place.
 D = Time resting spent in this place.
 E = Time spent auto-exploring this place.
 F = Levels seen in this place.
 G = Mean time per level.
                   A        B        C        D        E       F      G
               +--------+--------+--------+--------+--------+-----+--------+
         Total |   1406 |   1380 |     26 |      0 |   1044 |   3 |  468.7 |
       Dungeon |   1406 |   1380 |     26 |      0 |   1044 |   3 |  468.7 |
               +--------+--------+--------+--------+--------+-----+--------+

Top non-repeatable levels by time:
     D:1: 1159 daAuts
     D:2: 202 daAuts
     D:4: 45 daAuts
